Map: Simulacrum LE

Players

ExO

  • Race: Protoss Protoss
  • League: Diamond
  • Spawn Location: 11:00

ViBE - Winner!

  • Race: Terran Terran
  • League: Diamond
  • Spawn Location: 5:00

VOD

Have the link to the VOD?

Description

Time

  • Played on: Dec. 23, 2019, 7:17 a.m.
  • Length: 1:31
Show
View Real Time Build Order
Export as new Build Order

ExO Protoss 

Build Orders:  

Get SALT Encoding   

  12  0:00  Probe  
  13  0:13  Probe  
  14  0:19  Pylon  
  14  0:25  Probe  
  15  0:38  Forge  
  15  0:41  Probe  
  16  0:50  Pylon  
  16  0:54  Probe (Chrono Boost)  
  17  1:06  Probe (Chrono Boost)  
Show
View Real Time Build Order
Export as new Build Order

ViBE Terran - Winner!

Build Orders:  

Get SALT Encoding   

  12  0:01  SCV  
  13  0:13  SCV  
  14  0:18  Supply Depot  
  14  0:25  SCV  
  15  0:39  SCV  
  15  0:41  Barracks  
  16  0:45  Refinery  
  16  0:54  SCV  
  17  1:02  Barracks  
Tags
 
Add a new tag
Caveats
  • Supply blocks, unpowered buildings, or Contaminate may cause inaccurate times.
  • Supply counts are checked every 10 seconds.